 Dungeon Crawl Stone Soup version 0.28-a0-1524-ge72afd5fc6 (webtiles) character file.

Game seed: 14731242165126918729

31 knot the Chopper (level 3, 0/43 HPs)
             Began as a Demonspawn Berserker on Jan 18, 2022.
             Was a Follower of Trog.
             Slain by a kobold (1 damage)
             ... on level 2 of the Dungeon.
             The game lasted 00:01:20 (1633 turns).

knot the Chopper (Demonspawn Berserker)             Turns: 1633, Time: 00:01:21

Health: 0/43       AC:  2    Str: 17    XL:     3   Next: 7%
Magic:  3/3        EV: 12    Int: 10    God:    Trog [*.....]
Gold:   90         SH:  0    Dex: 12    Spells: 2/2 levels left

rFire   . . .      SeeInvis .   n - +0 war axe
rCold   . . .      Faith    +   (no shield)
rNeg    . . .      Spirit   .   b - +0 animal skin
rPois   .          Reflect  .   (no helmet)
rElec   .          Harm     .   (no cloak)
rCorr   .          Rampage  .   (no gloves)
Will    .....                   (no boots)
Stlth   ..........              h - amulet of faith
HPRegen 0.14/turn               (no ring)
MPRegen 0.08/turn               (no ring)

@: berserking, very quick
A: claws 1
a: Renounce Religion, Berserk


You were on level 2 of the Dungeon.
You worshipped Trog.
Trog was aware of your devotion.
You visited 1 branch of the dungeon, and saw 2 of its levels.

You collected 90 gold pieces.

Inventory:

Hand Weapons
 n - a +0 war axe (weapon)
Missiles
 c - 43 stones
 f - 2 boomerangs of dispersal
 i - 9 javelins (quivered)
 k - 19 sling bullets
Armour
 b - a +0 animal skin (worn)
Jewellery
 g - a ring of ice
 h - an amulet of faith (around neck)
 l - a ring of fire
Scrolls
 e - a scroll of identify {unknown}
 j - a scroll of amnesia {unknown}
 m - a scroll of teleportation {unknown}
Potions
 d - a potion of degeneration {unknown}


   Skills:
 - Level 3.0 Fighting
 * Level 3.7 Axes
 * Level 0.6 Throwing
 - Level 1.7 Armour
 - Level 1.7 Dodging


You had 2 spell levels left.
You didn't know any spells.
Your spell library contained the following spells:

 Spells                   Type           Power      Damage    Failure   Level
 Shock                    Conj/Air       0%         1d3       36%         1
 Swiftness                Air            0%         N/A       75%         3
 Airstrike                Air            0%         N/A       98%         4


Dungeon Overview and Level Annotations

Branches:
Dungeon (2/15)

Altars:


Innate Abilities, Weirdness & Mutations

You have sharp fingernails.


Message History

The kobold misses you. The hobgoblin barely misses you.
You closely miss the kobold.
The kobold is heavily wounded.
You hit the hobgoblin. The kobold misses you. The hobgoblin hits you.
You closely miss the hobgoblin.
The hobgoblin is heavily wounded.
You hit the kobold but do no damage. The kobold hits you with a +0 dagger.
The hobgoblin hits you.
You hit the hobgoblin but do no damage.
The hobgoblin is heavily wounded.
You closely miss the kobold. The kobold hits you with a +0 dagger.
The hobgoblin barely misses you. The kobold closely misses you.
The hobgoblin barely misses you.
You closely miss the hobgoblin.
The hobgoblin is heavily wounded.
You barely miss the kobold. The kobold hits you with a +0 dagger.
The hobgoblin hits you.
You are too injured to fight recklessly!
You fail to use your ability.
The kobold hits you but does no damage. The hobgoblin closely misses you.
You hit the hobgoblin but do no damage.
The hobgoblin is heavily wounded.
You hit the kobold but do no damage. The kobold hits you but does no damage.
The hobgoblin barely misses you.
You barely miss the hobgoblin.
The hobgoblin is heavily wounded.
You hit the kobold but do no damage. The kobold misses you.
The hobgoblin misses you. The kobold hits you with a +0 dagger.
The hobgoblin hits you.
* * * LOW HITPOINT WARNING * * *
You closely miss the hobgoblin.
The hobgoblin is heavily wounded.
You completely miss the kobold. The kobold hits you with a +0 dagger.
* * * LOW HITPOINT WARNING * * *
The hobgoblin hits you.
* * * LOW HITPOINT WARNING * * *
A red film seems to cover your vision as you go berserk!
You feel yourself moving faster!
You feel mighty! The kobold hits you with a +0 dagger.
You die...

.... .## .... .. # #..#..
.. #..#.#.#. ......... #
######........
#.#......g..#.# #.#
##.#.###"@K....# #.#
#........#.##### #.#
#............... ..#
#........#.##### #.##
#........#.# ###.#
#........#.# #...#
##.#####.#.#####...######
# #..#..............#
#.....##.#..†.....#


You could see a hobgoblin and a kobold.

Vanquished Creatures
  A dart slug (D:1)
  6 endoplasms (D:1)
  4 goblins
  4 hobgoblins
  3 kobolds
  A ball python (D:1)
  A bat (D:1)
  A frilled lizard (D:2)
  7 rats
28 creatures vanquished.

Notes
Turn   | Place    | Note
-------+----------+-------------------------------------------
     0 | D:1      | knot the Demonspawn Berserker began the quest for the Orb.
     0 | D:1      | Reached XP level 1. HP: 18/18 MP: 1/1
   298 | D:1      | Gained mutation: You have sharp fingernails. [demonic
                  | ancestry]
   298 | D:1      | Reached XP level 2. HP: 24/24 MP: 2/2
   444 | D:1      | Found a faded altar of an unknown god.
  1513 | D:2      | Reached XP level 3. HP: 29/29 MP: 3/3
  1632 | D:2      | HP: 1/29 [hobgoblin (5)]
  1633 | D:2      | Slain by a kobold

Illustrated notes

Levels and vault maps discovered:
D:1:      roderic_chinese_lattice_arrival, layout_loops_ring,
          shapermc_ecumenical_altar_petra, minmay_close_crescents
D:2:      layout_basic, serial_aquarium, aquarium_bridge_square
          [aquarium_subvault_bridge, aquarium_subvault_balcony,
          aquarium_subvault_bridge, aquarium_subvault_window],
          aquarium_window_2, aquarium_window_1, aquarium_view_2g,
          aquarium_pool_2, uniq_natasha

Skill      XL: |  1 |
---------------+----+-----
Axes           | 3 |  3.7
Fighting       | |  3.0
Throwing       | |  0.6
Armour         | |  1.7
Dodging        | |  1.7

Action                   || total
-------------------------++-------
Melee: Hand axe          ||    71
       War axe           ||    10
Throw: Javelin           ||     3
Invok: Berserk           ||     3
Armor: Animal skin       ||    18
Dodge: Dodged            ||    49

Table legend: (Time is in decaauts)
 A = Elapsed time spent in this place.
 B = Non-inter-level travel time spent in this place.
 C = Inter-level travel time spent in this place.
 D = Time resting spent in this place.
 E = Time spent auto-exploring this place.
 F = Levels seen in this place.
 G = Mean time per level.
                   A        B        C        D        E       F      G
               +--------+--------+--------+--------+--------+-----+--------+
         Total |   1672 |   1653 |     19 |    359 |   1052 |   2 |  836.0 |
       Dungeon |   1672 |   1653 |     19 |    359 |   1052 |   2 |  836.0 |
               +--------+--------+--------+--------+--------+-----+--------+

Top non-repeatable levels by time:
     D:1: 1325 daAuts
     D:2: 347 daAuts
